 Dungeon Crawl Stone Soup version 0.31-a0-496-g6f97920a28 (webtiles) character file.

Game seed: 14186220131953894010

15 AstroCodex24 the Shield-Bearer (level 2, -5/23 HPs)
             Began as a Vampire Fighter on Aug 8, 2023.
             Slain by a sleepcap (18 damage)
             ... on level 3 of the Dungeon.
             The game lasted 00:01:18 (271 turns).

AstroCodex24 the Shield-Bearer (Vampire Fighter)     Turns: 271, Time: 00:01:19

Health: -5/23      AC:  6    Str: 15    XL:     2   Next: 34%
Magic:  2/2        EV:  2    Int: 10    God:
Gold:   50         SH:  0    Dex: 13    Spells: 1/1 levels left

rFire   . . .        a - +0 war axe
rCold   . . .        c - +0 buckler
rNeg    . . .        b - +0 scale mail
rPois   .            (no helmet)
rElec   .            (no cloak)
rCorr   .            (no gloves)
SInv    +            (no boots)
Will    .....        (no amulet) Stlth
                     (no ring)
HPRegen 0.43/turn    (no ring)
MPRegen 0.08/turn

%: no passive effects
@: sleeping, healing quickly
A: alive, fangs 3, see invisible, vampiric 1
a: Exsanguinate


You were on level 3 of the Dungeon.
You visited 1 branch of the dungeon, and saw 3 of its levels.

You collected 50 gold pieces.

Inventory:

Hand Weapons
 a - a +0 war axe (weapon)
Armour
 b - a +0 scale mail (worn)
 c - a +0 buckler (worn)
 h - a +0 cloak
Scrolls
 f - a scroll of identify {unknown}
Potions
 d - a potion of might
 e - a potion of enlightenment {unknown}
 g - a potion of heal wounds {unknown}


   Skills:
 + Level 2.9 Fighting
 + Level 2.0 Axes
 + Level 2.6 Armour
 + Level 2.9 Shields


You had one spell level left.
You didn't know any spells.
Your spell library contained the following spells:

 Spells                   Type           Power      Damage    Failure   Level
 Cigotuvi's Dreadful Rot  Necr/Pois/Air  0%         N/A       96%         2
 Dispel Undead            Necr           0%         3d6       100%        4
 Death Channel            Necr           0%         N/A       100%        6


Dungeon Overview and Level Annotations

Branches:
Dungeon (3/15)

Altars:


Innate Abilities, Weirdness & Mutations

Your natural rate of healing is accelerated.
You have razor-sharp teeth.
You have supernaturally acute eyesight. (SInv)
You are afflicted with vampirism.


Message History

Found a scroll labelled EMESOG QEUSOMPA.
Found 12 gold pieces.
The rat closely misses you. You block the rat's attack.
You hit the rat.
You kill the rat!
A bat comes into view.
The bat barely misses you. The bat attacks as you move away!
The bat closely misses you. The bat hits you but does no damage.
The bat attacks as you move away! You block the bat's attack.
The bat hits you but does no damage.
You see here 9 gold pieces.
You block the bat's attack.
You closely miss the bat. Your bite misses the bat. The bat barely misses you.
You hit the bat.
You kill the bat!
You now have 38 gold pieces (gained 9).
You now have 50 gold pieces (gained 12).
f - a scroll labelled EMESOG QEUSOMPA
Found a cloak.
g - a bubbling dark potion You see here a +0 cloak.
You see here a +0 cloak.
h - a +0 cloak You open the door.
There is an open door here.
A sleepcap comes into view.
The sleepcap releases spores at you.
You slash the sleepcap!
The sleepcap is moderately damaged.
The sleepcap closely misses you.
You hit the sleepcap.
The sleepcap is moderately damaged.
The sleepcap releases spores at you!
You are engulfed in a cloud of soporific spores!
You fall asleep.
The sleepcap releases spores at you!!
Ouch! That really hurt!
You die...

####...# #. #.#...#
######## #. .#...# #.#
######. ....# #.#
#...... #...# #.#
#.##### #...# #.####.###
#...# #........###
###.#...#####.##........
......f@.......'........
.##.##........##........
........######........
#.......... #.....###
#........... #.....#
#............##.......
#.........#####....####
#.........# #....#


You could see a sleepcap.

Vanquished Creatures
  2 endoplasms
  A giant cockroach (D:2)
  2 goblins (D:1)
  A hobgoblin (D:1)
  3 kobolds (D:1)
  A bat (D:3)
  2 frilled lizards (D:1)
  2 rats
14 creatures vanquished.

Notes
Turn   | Place    | Note
-------+----------+-------------------------------------------
     0 | D:1      | AstroCodex24 the Vampire Fighter began the quest for the
                  | Orb.
     0 | D:1      | Reached XP level 1. HP: 17/17 MP: 1/1
   105 | D:1      | Reached XP level 2. HP: 21/23 MP: 2/2
   271 | D:3      | Slain by a sleepcap

Illustrated notes

Levels and vault maps discovered:
D:1:      minmay_arrival_solitary_statue, layout_basic, minmay_split_cup_small
D:2:      layout_loops_ring, shapermc_ecumenical_altar_pompeii, nrook_campfire
D:3:      layout_basic

Skill      XL: |  1  2 |
---------------+-------+-----
Axes           | 2 |  2.0
Fighting       | |  2.9
Armour         | |  2.6
Shields        | |  2.9

Action                     || total
---------------------------++-------
  Melee: War axe           ||    19
         Bite              ||     1
 Armour: Scale mail        ||    15
  Dodge: Dodged            ||    18
  Block: Buckler           ||     8

Table legend: (Time is in decaauts)
 A = Elapsed time spent in this place.
 B = Non-inter-level travel time spent in this place.
 C = Inter-level travel time spent in this place.
 D = Time resting spent in this place.
 E = Time spent auto-exploring this place.
 F = Levels seen in this place.
 G = Mean time per level.
                   A        B        C        D        E       F      G
               +--------+--------+--------+--------+--------+-----+--------+
         Total |    279 |    279 |      0 |      0 |      0 |   3 |   93.0 |
       Dungeon |    279 |    279 |      0 |      0 |      0 |   3 |   93.0 |
               +--------+--------+--------+--------+--------+-----+--------+

Top non-repeatable levels by time:
     D:1: 155 daAuts
     D:3: 82 daAuts
     D:2: 40 daAuts
